 Dungeon Crawl Stone Soup version 0.27-a0-323-gbd089401bb (webtiles) character file.

Game seed: 16236946928108929949

28 dickylongcocking the Grave Robber (level 2, -1/22 HPs)
             Began as a Deep Dwarf Necromancer on Feb 11, 2021.
             Slain by a hobgoblin
             ... wielding a +0 club
              (3 damage)
             ... on level 2 of the Dungeon.
             The game lasted 00:01:48 (1472 turns).

dickylongcocking the Grave Robber (DDNe)            Turns: 1472, Time: 00:01:49

Health: -1/22      AC:  3    Str: 11    XL:     2   Next: 96%
Magic:  1/4        EV: 12    Int: 15    God:
Gold:   21         SH:  0    Dex: 13    Spells: 3/4 levels left

rFire    . . .     SeeInvis .   b - +3 dagger
rCold    . . .     Faith    .   (no shield)
rNeg     . . .     Spirit   .   a - +0 robe
rPois    .         Reflect  .   g - +0 helmet
rElec    .         Harm     .   (no cloak)
rCorr    .         Rampage  .   (no gloves)
Will     .....                  (no boots)
Stlth    ++........             (no amulet)
HPRegen  0.00/turn              (no ring)
MPRegen  0.09/turn              (no ring)

@: non-regenerating
A: damage resistance, heal wounds, sense surroundings 1, no regeneration
a: Heal Wounds


You were on level 2 of the Dungeon.
You visited 1 branch of the dungeon, and saw 2 of its levels.

You collected 21 gold pieces.

Inventory:

Hand Weapons
 b - a +3 dagger (weapon)
Armour
 a - a +0 robe (worn)
 g - a +0 helmet (worn)
Scrolls
 c - a scroll of teleportation {unknown}
 d - a scroll of identify {unknown}
 e - a scroll of immolation {unknown}
Potions
 f - a potion of curing {unknown}


   Skills:
 - Level 2.1 Dodging
 * Level 3.1 Stealth
 - Level 1.7 Spellcasting
 * Level 5.2 Necromancy


You had 3 spell levels left.
You knew the following spells:

 Your Spells              Type           Power        Failure   Level
a - Pain                  Necr           68%          2%          1

Your spell library contained the following spells:

 Spells                   Type           Power        Failure   Level
 Animate Skeleton         Necr           34%          2%          1
 Vampiric Draining        Necr           8%           8%          3
 Animate Dead             Necr           8%           26%         4
 Agony                    Necr           17%          58%         5


Dungeon Overview and Level Annotations

Branches:
Dungeon (2/15)

Altars:
Zin


Innate Abilities, Weirdness & Mutations

You are resistant to damage.
You can heal yourself by infusing magical energy.
You passively map a small area around you.
You do not regenerate.


Message History

A rat is nearby!
A rat is nearby!
Casting: Pain (safe; 2% risk of failure)
Confirm with . or Enter, or press ? or * to list all spells.
Aiming: Pain (safe; 2% risk of failure)
Press: ? - help, Shift-Dir - straight line, f - rat
Aim: a rat (chance to affect: 87%)
The rat writhes in agony!
You kill the rat!
Casting: Pain (safe; 2% risk of failure)
Confirm with . or Enter, or press ? or * to list all spells.
You can't see any susceptible monsters within range! (Use Z to cast anyway.) Unknown command.
Magic restored.
You see here a bat corpse.
Found a chain mail.
A hobgoblin comes into view. It is wielding a +0 club.
A hobgoblin is nearby!
A hobgoblin is nearby!
The hobgoblin shouts!
Casting: Pain (safe; 2% risk of failure)
Confirm with . or Enter, or press ? or * to list all spells.
Aiming: Pain (safe; 2% risk of failure)
Press: ? - help, Shift-Dir - straight line, f - hobgoblin
Aim: a hobgoblin, wielding a +0 club (chance to affect: 87%)
The hobgoblin writhes in agony.
Casting: Pain (safe; 2% risk of failure)
Confirm with . or Enter, or press ? or * to list all spells.
Aiming: Pain (safe; 2% risk of failure)
Press: ? - help, Shift-Dir - straight line, f/p - hobgoblin
Aim: a hobgoblin, wielding a +0 club (moderately wounded, chance to affect: 87%)
The hobgoblin writhes in agony.
The hobgoblin hits you with a +0 club.
* * * LOW HITPOINT WARNING * * *
Casting: Pain (safe; 2% risk of failure)
Confirm with . or Enter, or press ? or * to list all spells.
Aiming: Pain (safe; 2% risk of failure)
Press: ? - help, Shift-Dir - straight line, f/p - hobgoblin
Aim: a hobgoblin, wielding a +0 club (heavily wounded, chance to affect: 87%)
The hobgoblin barely resists.
The hobgoblin hits you with a +0 club.
You die...

* ###### * ,,...... , , *
, * #.##.#* * * ,
####.##.# , , #.##...g##.#
*##########
#......@##.####.........
....[...........######## *
#.#.....##.####.# * *
##....##.# ##.## * #,
#....##.###.#.####### ,
,.g###...##.##.###.##....
, ,..........#.## ##.#.#..
, .........## ##..#..
#######...####.#####.#.#..


You could see a hobgoblin.

Vanquished Creatures
  A leopard gecko (D:1)
  A ball python (D:1)
  3 bats
  2 giant cockroaches (D:2)
  3 goblins (D:1)
  3 hobgoblins
  4 kobolds (D:1)
  3 frilled lizards (D:1)
  4 rats
24 creatures vanquished.

Notes
Turn   | Place    | Note
-------+----------+-------------------------------------------
     0 | D:1      | dickylongcocking the Deep Dwarf Necromancer began the quest
                  | for the Orb.
     0 | D:1      | Reached XP level 1. HP: 15/15 MP: 3/3
   297 | D:1      | Reached XP level 2. HP: 4/22 MP: 0/4
   318 | D:1      | Reached skill level 5 in Necromancy
  1185 | D:2      | Found a glowing silver altar of Zin.
  1472 | D:2      | Slain by a hobgoblin

Illustrated notes

Levels and vault maps discovered:
D:1:      onia_arrival_mini_spirals, layout_basic
D:2:      layout_loops_ring, general_overflow_altar, makhleb_altar_promises_db

Skill      XL: |  1  2 |
---------------+-------+-----
Necromancy     | 5 |  5.2
Stealth        | 3 |  3.1
Dodging        | |  2.1
Spellcasting   | |  1.7

Action                   || total
-------------------------++-------
Melee: Dagger            ||     6
       Unarmed           ||     1
 Cast: Pain              ||    47
Armor: Robe              ||    20
Dodge: Dodged            ||    52

Table legend: (Time is in decaauts)
 A = Elapsed time spent in this place.
 B = Non-inter-level travel time spent in this place.
 C = Inter-level travel time spent in this place.
 D = Time resting spent in this place.
 E = Time spent auto-exploring this place.
 F = Levels seen in this place.
 G = Mean time per level.
                   A        B        C        D        E       F      G
               +--------+--------+--------+--------+--------+-----+--------+
         Total |   1472 |   1447 |     25 |    266 |    921 |   2 |  736.0 |
       Dungeon |   1472 |   1447 |     25 |    266 |    921 |   2 |  736.0 |
               +--------+--------+--------+--------+--------+-----+--------+

Top non-repeatable levels by time:
     D:1: 1301 daAuts
     D:2: 171 daAuts
